 Dungeon Crawl Stone Soup version 0.26.1-11-gd32895ea62 (webtiles) character file.

Game seed: 18146450008632651696

1286 Zeld the Basher (level 8, -7/58 HPs)
             Began as a Human Fighter on June 3, 2021.
             Was a Believer of Uskayaw.
             Mangled by an iguana (11 damage)
             ... while paralysed by a hornet
             ... on level 5 of the Dungeon.
             The game lasted 00:06:38 (5107 turns).

Zeld the Basher (Human Fighter)                     Turns: 5107, Time: 00:06:39

Health: -7/58      AC:  6    Str: 18    XL:     8   Next: 85%
Magic:  8/8        EV:  2    Int: 10    God:    Uskayaw [**....]
Gold:   223        SH:  0    Dex: 12    Spells: 7/7 levels left

rFire    . . .     SeeInvis .   a - +0 flail
rCold    . . .     Faith    .   c - +2 kite shield
rNeg     . . .     Spirit   .   b - +0 scale mail
rPois    .         Reflect  .   (no helmet)
rElec    .         Harm     .   m - scarf {+Inv}
rCorr    .         Rampage  .   (no gloves)
Will     .....                  (no boots)
Stlth    ..........             (no amulet)
HPRegen  0.19/turn              (no ring)
MPRegen  0.11/turn              (no ring)

@: paralysed, lethally poisoned (-7 -> -12), slowed
A: no striking features
a: Renounce Religion, Evoke Invisibility, Stomp, Line Pass


You were on level 5 of the Dungeon.
You worshipped Uskayaw.
Uskayaw was noncommittal.
You visited 1 branch of the dungeon, and saw 5 of its levels.

You collected 223 gold pieces.

Inventory:

Hand Weapons
 a - a +0 flail (weapon)
Missiles
 g - 6 poisoned darts (quivered)
Armour
 b - a +0 scale mail (worn)
 c - a +2 kite shield (worn)
 m - a scarf of invisibility (worn)
Jewellery
 p - an uncursed ring of protection from fire {unknown}
 u - an uncursed amulet of the acrobat {unknown}
Scrolls
 e - 6 scrolls of identify {unknown}
 h - a scroll of magic mapping {unknown}
 i - 3 scrolls of amnesia {unknown}
 n - 3 scrolls of teleportation {unknown}
 o - a scroll of immolation {unknown}
 s - 2 scrolls of fear {unknown}
Potions
 d - 2 potions of might
 f - 2 potions of invisibility {unknown}
 j - a potion of mutation {unknown}
 k - 2 potions of curing {unknown}
 l - 2 potions of heal wounds {unknown}
 q - a potion of flight {unknown}
 r - 2 potions of degeneration {unknown}
 t - a potion of brilliance {unknown}


   Skills:
 - Level 3.0 Fighting
 * Level 10.2 Maces & Flails
 - Level 3.0 Armour
 - Level 3.0 Shields


You had 7 spell levels left.
You didn't know any spells.
Your spell library was empty.

Dungeon Overview and Level Annotations

Branches:
Dungeon (5/15)
 Temple: D:4-7

Altars:
Cheibriados
Dithmenos
Gozag
Nemelex Xobeh
Uskayaw
Xom
The Shining One


Message History

You sock the ogre!
The ogre is almost dead.
The ogre hits you with a cursed -2 giant club.
The iguana bites you but does no damage.
You can now pass through a line of other dancers.
You hit the ogre.
The ogre is almost dead.
The hornet stings you!
You feel yourself slow down. The hornet stings you!
You are poisoned.
You suddenly lose the ability to move!
The ogre hits you with a cursed -2 giant club!!
* * * LOW HITPOINT WARNING * * *
The iguana bites you!
* * * LOW HITPOINT WARNING * * *
* * * LOW HITPOINT WARNING * * *
You feel sick. The hornet stings you.
* * * LOW HITPOINT WARNING * * *
You feel as though you will be slow longer.
The iguana bites you!
You die...

#....# ##..##.
#........#....#
##..##.
.........#....#
#......
.........#....#
#......
.......#....#
#......
......#....#
##..###
#....#....#
##..##.
#.Ol.#....#
#...#..
#.y@.##...#
#...#..
.##....##...#
#...#..
.(...........#
#...#..
...##.........#
#...#.. ##
#.:.......#
##..##.
#..........#
##..###
##....##...#
#......
#######...#
#...... ....#
#......


You could see a hornet, an ogre and an iguana.

Vanquished Creatures
  Pikel (D:4)
  3 phantoms
  A scorpion (D:5)
  A howler monkey (D:5)
  3 hounds
  An iguana (D:5)
  2 orc wizards (D:4)
  2 worker ants (D:4)
  A howler monkey zombie (D:4)
  8 gnolls
  7 adders
  A shadow imp (D:5)
  An ooze (D:2)
  6 worms
  A dart slug (D:3)
  4 leopard geckos (D:1)
  8 orcs
  5 giant cockroaches
  6 goblins
  3 hobgoblins
  9 jackals
  2 quokkas
  3 ball pythons
  7 bats
  8 frilled lizards
  A jackal skeleton (D:4)
  7 kobolds
  A quokka skeleton (D:4)
  11 rats
114 creatures vanquished.

Vanquished Creatures (others)
  A plant (D:1)
1 creature vanquished.

Grand Total: 115 creatures vanquished

Notes
Turn   | Place    | Note
-------+----------+-------------------------------------------
     0 | D:1      | Zeld the Human Fighter began the quest for the Orb.
     0 | D:1      | Reached XP level 1. HP: 18/18 MP: 1/1
    69 | D:1      | Reached XP level 2. HP: 12/24 MP: 2/2
   363 | D:1      | Reached skill level 3 in Maces & Flails
   480 | D:1      | Reached XP level 3. HP: 29/29 MP: 3/3
   957 | D:2      | Reached skill level 4 in Maces & Flails
   957 | D:2      | Reached XP level 4. HP: 27/35 MP: 4/4
   962 | D:2      | Found a glowing golden altar of the Shining One.
  1296 | D:2      | Found a shimmering altar of Xom.
  1357 | D:2      | Reached XP level 5. HP: 31/41 MP: 5/5
  1360 | D:2      | Reached skill level 5 in Maces & Flails
  1470 | D:2      | Found a sparkling altar of Nemelex Xobeh.
  1966 | D:3      | Noticed a +0 dagger
  1967 | D:3      | Noticed a +0 hand axe
  2193 | D:3      | Found a hide-covered altar of Uskayaw.
  2210 | D:3      | Became a worshipper of Uskayaw the Reveller
  2265 | D:3      | Reached * piety under Uskayaw
  2472 | D:3      | Reached ** piety under Uskayaw
  2638 | D:3      | Reached XP level 6. HP: 36/47 MP: 6/6
  2999 | D:4      | Noticed a phantom
  3027 | D:4      | Killed a phantom
  3028 | D:4      | Reached skill level 6 in Maces & Flails
  3136 | D:4      | Found a shadowy altar of Dithmenos.
  3354 | D:4      | Reached XP level 7. HP: 37/52 MP: 7/7
  3418 | D:4      | Noticed Pikel
  3430 | D:4      | Killed Pikel
  3431 | D:4      | Reached skill level 8 in Maces & Flails
  3431 | D:4      | Reached XP level 8. HP: 43/58 MP: 4/8
  3619 | D:4      | Found a snail-covered altar of Cheibriados.
  3660 | D:4      | Reached skill level 9 in Maces & Flails
  3851 | D:4      | Found an opulent altar of Gozag.
  4520 | D:5      | Entered Level 5 of the Dungeon
  4933 | D:5      | Reached *** piety under Uskayaw
  4935 | D:5      | Reached skill level 10 in Maces & Flails
  4936 | D:5      | Reached **** piety under Uskayaw
  4943 | D:5      | Reached ***** piety under Uskayaw
  5102 | D:5      | Noticed a hornet
  5106 | D:5      | Paralysed by a hornet for 2 turns
  5107 | D:5      | Mangled by an iguana

Illustrated notes

Levels and vault maps discovered:
D:1:      denvon_arrival_planthouse, layout_rooms,
          ebering_dispersal_statue_hall, kennysheep_another_room,
          hangedman_abyss_or_decor_lesser_grid
D:2:      layout_basic, lemuel_crystal_altar, tso_metal_star, tgw_xom
D:3:      layout_basic, dancing_weapons_uskayaw
D:4:      layout_layer_cave, nicolae_overflow_crystal_walls, kennysheep_mini,
          old_standard_altar, uniq_pikel
D:5:      layout_gridville, lemuel_doored_altar, serial_shops, shop,
          dk_noncrumbling_3

Skill      XL: |  1  2  3  4  5  6  7  8 |
---------------+-------------------------+-----
Maces & Flails | 3 4 5 6 8 10 | 10.2
Fighting       | |  3.0
Armour         | |  3.0
Shields        | |  3.0

Action                   |  1- 3 |  4- 6 |  7- 9 || total
-------------------------+-------+-------+-------++-------
Melee: Flail             |    88 |   231 |   113 ||   432
Invok: Stomp             |       |     2 |     3 ||     5
 Stab: Paralysed         |       |       |     1 ||     1
Armor: Scale mail        |    44 |   106 |    25 ||   175
Dodge: Dodged            |    25 |    86 |    18 ||   129
Block: Kite shield       |    47 |   159 |    58 ||   264
